[Event "ESP-chT Div I 2018"]
[Site "Linares"]
[Date "2018.08.08"]
[Round "3"]
[White "Rubio Mejia, Luis Ignacio"]
[Black "Cramling, Pia"]
[Result "1/2-1/2"]
[ECO "E32"]
[WhiteElo "2442"]
[BlackElo "2453"]
[Annotator "ChessBase"]
[PlyCount "91"]
[EventDate "2018.08.06"]
[EventType "team-tourn"]
[EventCountry "ESP"]
[SourceTitle "playchess.com"]
[Source "ChessBase"]
[SourceQuality "1"]
[TimeControl "40/5400+30:1800+30"]

1. d4 Nf6 2. c4 e6 3. Nc3 Bb4 4. Qc2 d6 5. Bg5 Nbd7 6. e3 h6 7. Bh4 b6 8. Bd3 Bb7 9. f3 c5 10. Nge2 cxd4 11. exd4 O-O 12. a3 Bxc3+ 13. Nxc3 Qc7 14. O-O a6 15. Rac1 Rac8 16. Rfe1 Rfe8 17. Qd2 Qb8 18. Bg3 e5 19. dxe5 Nxe5 20. b3 Bc6 21. Bf5 Bd7 22. Bxd7 Nfxd7 23. Bxe5 Nxe5 24. a4 Nd7 25. Red1 Re6 26. Ne2 Nc5 27. Nd4 Rf6 28. Re1 Qc7 29. Re3 Ne6 30. Rce1 Nxd4 31. Qxd4 Qc5 32. Rd1 Kf8 33. Kf1 Qxd4 34. Rxd4 a5 35. Ke2 Rc6 36. Rde4 g5 37. Re8+ Kg7 38. Kd3 Rf5 39. Rd8 Re5 40. Kd4 Rf5 41. Ree8 h5 42. Re4 h4 43. h3 Kf6 44. Rd7 Kg7 45. Rd8 Kf6 46. Rd7 {[%emt 0:00:17] Ke5+} 1/2-1/2

[Event "ESP-chT Div I 2018"]
[Site "Linares"]
[Date "2018.08.08"]
[Round "3"]
[White "Barbot, Pierre"]
[Black "Vergara Anton, Diego"]
[Result "1-0"]
[ECO "A05"]
[WhiteElo "2420"]
[BlackElo "2022"]
[Annotator "NA"]
[PlyCount "95"]
[EventDate "2018.08.06"]
[EventType "team-tourn"]
[EventCountry "ESP"]
[SourceTitle "playchess.com"]
[Source "ChessBase"]
[SourceQuality "1"]
[TimeControl "40/5400+30:1800+30"]

1. Nf3 Nf6 2. c4 g6 3. Nc3 Bg7 4. e4 O-O 5. d4 c6 6. e5 Ne8 7. Bf4 d6 8. h3 Nd7 9. exd6 Nxd6 10. Be2 Nf6 11. O-O Be6 12. d5 cxd5 13. cxd5 Bf5 14. Nd4 Nfe4 15. Nxf5 Nxc3 16. bxc3 Nxf5 17. Qb3 b6 18. Rac1 Rc8 19. Bg4 Rc5 20. Bxf5 gxf5 21. c4 b5 22. cxb5 Rxd5 23. Rfd1 Rxd1+ 24. Rxd1 Qa5 25. Bd2 Qc7 26. Rc1 Qd7 27. Be3 e5 28. Rc6 Rb8 29. Qc4 e4 30. Bf4 Qd1+ 31. Kh2 Rf8 32. Rc8 Qd7 33. Rc7 Qd4 34. Be3 Be5+ 35. g3 Qd6 36. Rc8 Qf6 37. Bxa7 Rxc8 38. Qxc8+ Kg7 39. Be3 h5 40. Qc6 Bd6 41. Kg2 Qe7 42. b6 f4 43. gxf4 Qf6 44. b7 Qg6+ 45. Kh1 Qe6 46. Bd4+ Kh7 47. Qc8 Qxa2 48. Qh8+ 1-0

[Event "ESP-chT Div I 2018"]
[Site "Linares"]
[Date "2018.08.08"]
[Round "3"]
[White "Martin Fuentes, Alberto"]
[Black "Alonso Moyano, Jonathan"]
[Result "1-0"]
[ECO "B25"]
[WhiteElo "2391"]
[BlackElo "2388"]
[Annotator "NA"]
[PlyCount "83"]
[EventDate "2018.08.06"]
[EventType "team-tourn"]
[EventCountry "ESP"]
[SourceTitle "playchess.com"]
[Source "ChessBase"]
[SourceQuality "1"]
[TimeControl "40/5400+30:1800+30"]

1. e4 c5 2. Nc3 Nc6 3. g3 g6 4. Bg2 Bg7 5. d3 d6 6. f4 e5 7. Nh3 Nge7 8. O-O O-O 9. f5 f6 10. g4 Nd4 11. Be3 Rb8 12. Qd2 b5 13. Nd1 b4 14. c3 bxc3 15. bxc3 Nb5 16. a4 Nc7 17. Kh1 Na6 18. d4 cxd4 19. cxd4 Nb4 20. dxe5 dxe5 21. Qxd8 Rxd8 22. Bxa7 Rb7 23. Bc5 Nec6 24. a5 g5 25. Nc3 Bf8 26. Bb6 Rd2 27. Nd5 Rf7 28. Rf2 Rxf2 29. Nxf2 Nxd5 30. exd5 Nb4 31. Ne4 Bb7 32. d6 Kg7 33. Ra4 Nd5 34. Nc5 Bc6 35. Ne6+ Kg8 36. Rc4 Bb7 37. Nxf8 Kxf8 38. Rc5 e4 39. Bxe4 Nxb6 40. Bxb7 Rxb7 41. axb6 Rb8 42. d7 1-0

[Event "ESP-chT Div I 2018"]
[Site "Linares"]
[Date "2018.08.08"]
[Round "3"]
[White "Shvayger, Yuliya"]
[Black "Martin Duque, Jesus"]
[Result "1/2-1/2"]
[ECO "C17"]
[WhiteElo "2390"]
[BlackElo "2378"]
[Annotator "NA"]
[PlyCount "130"]
[EventDate "2018.08.06"]
[EventType "team-tourn"]
[EventCountry "ESP"]
[SourceTitle "playchess.com"]
[Source "ChessBase"]
[SourceQuality "1"]
[TimeControl "40/5400+30:1800+30"]

1. e4 e6 2. d4 d5 3. Nc3 Bb4 4. e5 c5 5. a3 Ba5 6. b4 cxd4 7. Nb5 Bc7 8. Nf3 Nc6 9. Bf4 Nge7 10. Bd3 a6 11. Nbxd4 Nxd4 12. Nxd4 Ng6 13. Bxg6 fxg6 14. O-O O-O 15. Qd2 Bd7 16. Rac1 Qe7 17. Bg5 Qf7 18. f4 Bb6 19. c3 Rac8 20. Rf3 Rc4 21. Bh4 Bxd4+ 22. cxd4 Rxc1+ 23. Qxc1 Rc8 24. Rc3 Rxc3 25. Qxc3 Qxf4 26. Bf2 h6 27. h3 Kh7 28. Qc2 Qf5 29. Qc7 Bc6 30. Qe7 g5 31. Qd6 Bb5 32. Qc7 Bd3 33. Qc3 Qe4 34. Qe1 Be2 35. Qc1 Bc4 36. a4 Qd3 37. a5 Kg8 38. Be3 Kf7 39. Qd2 Ke8 40. Qxd3 Bxd3 41. Kf2 Kd7 42. g3 Kc6 43. h4 gxh4 44. gxh4 Kb5 45. Bd2 Kc4 46. Ke3 g5 47. hxg5 hxg5 48. Be1 Be4 49. Bd2 g4 50. Be1 Bf5 51. Bh4 Kxb4 52. Bd8 Kc3 53. Bb6 Kc2 54. Kf4 Kd3 55. Kg3 Kc4 56. Kf4 Kb5 57. Kg3 Kc6 58. Kf4 Kd7 59. Kg3 Ke8 60. Kf4 Kf7 61. Kg3 Kg7 62. Kh4 Kh6 63. Bc5 Kg7 64. Bb6 Kh6 65. Bc5 Kg7 1/2-1/2

[Event "ESP-chT Div I 2018"]
[Site "Linares"]
[Date "2018.08.08"]
[Round "3"]
[White "Bergez, Luc"]
[Black "Rodriguez Fontecha, Marcos"]
[Result "1-0"]
[ECO "C00"]
[WhiteElo "2327"]
[BlackElo "2329"]
[Annotator "NA"]
[PlyCount "71"]
[EventDate "2018.08.06"]
[EventType "team-tourn"]
[EventCountry "ESP"]
[SourceTitle "playchess.com"]
[Source "ChessBase"]
[SourceQuality "1"]
[TimeControl "40/5400+30:1800+30"]

1. e4 e6 2. b3 d5 3. Bb2 Nf6 4. e5 Ng8 5. d4 c5 6. c3 Nc6 7. Nf3 f6 8. Bd3 fxe5 9. dxe5 Nh6 10. O-O Nf7 11. c4 d4 12. Re1 Qc7 13. Bc1 Be7 14. Bf4 b6 15. Bg3 Bb7 16. Nbd2 O-O-O 17. Qb1 Nb4 18. Bf5 Qd7 19. a3 Nc6 20. Bxh7 g5 21. h3 g4 22. hxg4 d3 23. Bg6 Nd4 24. Bxf7 Ne2+ 25. Rxe2 dxe2 26. Qg6 Kb8 27. Re1 Bf8 28. Bxe6 Qc6 29. Bf5 Qxg6 30. Bxg6 Rh6 31. Bc2 Be7 32. Rxe2 Rdh8 33. Nh2 Bh4 34. Bf4 Bg5 35. Bxg5 Rxh2 36. f3 1-0

[Event "ESP-chT Div I 2018"]
[Site "Linares"]
[Date "2018.08.08"]
[Round "3"]
[White "Alonso Alvarez, Aitor"]
[Black "Pap, Misa"]
[Result "0-1"]
[ECO "A80"]
[WhiteElo "2306"]
[BlackElo "2478"]
[Annotator "RC"]
[PlyCount "62"]
[EventDate "2018.08.06"]
[EventType "team-tourn"]
[EventCountry "ESP"]
[SourceTitle "playchess.com"]
[Source "ChessBase"]
[SourceQuality "1"]
[TimeControl "40/5400+30:1800+30"]

1. d4 f5 2. Nc3 Nf6 3. Bg5 d5 4. Bxf6 exf6 5. e3 Be6 6. Bd3 Nc6 7. a3 Qd7 8. Qf3 O-O-O 9. Nge2 g5 10. g3 Kb8 11. O-O-O Ne7 12. h4 Nc8 13. Kb1 h6 14. Qg2 c6 15. Nc1 Nd6 16. Nb3 b6 17. f3 Bg7 18. Nd2 Rhe8 19. Rde1 Nc4 20. Nd1 Bf7 21. c3 Nd6 22. Bc2 Re7 23. e4 fxe4 24. fxe4 dxe4 25. Nxe4 Bd5 26. g4 Rde8 27. Ndf2 f5 28. gxf5 Qxf5 29. Qg3 Qf4 30. Qxf4 gxf4 31. Rhg1 Bf8 0-1

[Event "ESP-chT Div I 2018"]
[Site "Linares"]
[Date "2018.08.08"]
[Round "3"]
[White "Gutierrez Olivares, Daniel"]
[Black "Gonzalez Guedes, Iyan"]
[Result "1-0"]
[ECO "E81"]
[WhiteElo "2297"]
[BlackElo "1925"]
[Annotator "NA"]
[PlyCount "67"]
[EventDate "2018.08.06"]
[EventType "team-tourn"]
[EventCountry "ESP"]
[SourceTitle "playchess.com"]
[Source "ChessBase"]
[SourceQuality "1"]
[TimeControl "40/5400+30:1800+30"]

1. c4 Nf6 2. Nc3 g6 3. e4 d6 4. d4 Bg7 5. f3 O-O 6. Be3 c5 7. d5 e6 8. Qd2 exd5 9. cxd5 Nbd7 10. Nh3 a6 11. a4 Ne5 12. Nf2 Re8 13. Be2 h5 14. O-O Nh7 15. h3 Rb8 16. f4 Nd7 17. Bd3 Qc7 18. e5 dxe5 19. f5 e4 20. fxg6 exd3 21. gxh7+ Kh8 22. Bf4 Ne5 23. Nxd3 Qb6 24. Nxe5 Bxe5 25. Bxe5+ Rxe5 26. Qf4 f6 27. a5 Qd6 28. Ne4 Qxd5 29. Qxf6+ Kxh7 30. Qf8 Be6 31. Nf6+ Kg6 32. Qxb8 Qd4+ 33. Kh1 Rg5 34. Qe8+ 1-0

[Event "ESP-chT Div I 2018"]
[Site "Linares"]
[Date "2018.08.08"]
[Round "3"]
[White "Aranaz Murillo, Amalia"]
[Black "Argandona Riveiro, Inigo"]
[Result "0-1"]
[ECO "A09"]
[WhiteElo "2227"]
[BlackElo "2415"]
[Annotator "NA"]
[PlyCount "56"]
[EventDate "2018.08.06"]
[EventType "team-tourn"]
[EventCountry "ESP"]
[SourceTitle "playchess.com"]
[Source "ChessBase"]
[SourceQuality "1"]
[TimeControl "40/5400+30:1800+30"]

1. Nf3 d5 2. c4 d4 3. g3 Nc6 4. Bg2 e5 5. d3 Bb4+ 6. Nbd2 a5 7. a3 Be7 8. Rb1 Be6 9. O-O f6 10. Ne1 Qd7 11. Nc2 Bh3 12. b4 axb4 13. Nxb4 Bxb4 14. axb4 h5 15. b5 Nd8 16. f3 Bxg2 17. Kxg2 Ne6 18. Ne4 f5 19. Ng5 h4 20. Nxe6 Qxe6 21. Rh1 Nf6 22. Bg5 e4 23. Rb2 h3+ 24. Kf2 e3+ 25. Ke1 Qb6 26. Qb1 Ra3 27. Qc1 Qa5+ 28. Kd1 Ra1 0-1

[Event "ESP-chT Div I 2018"]
[Site "Linares"]
[Date "2018.08.08"]
[Round "3"]
[White "Garcia Castany Musellas, Gal La"]
[Black "Gonzalez Laso, Adrian"]
[Result "0-1"]
[ECO "B31"]
[WhiteElo "2203"]
[BlackElo "2168"]
[Annotator "NA"]
[PlyCount "86"]
[EventDate "2018.08.06"]
[EventType "team-tourn"]
[EventCountry "ESP"]
[SourceTitle "playchess.com"]
[Source "ChessBase"]
[SourceQuality "1"]
[TimeControl "40/5400+30:1800+30"]

1. e4 c5 2. Nf3 Nc6 3. Bb5 g6 4. Bxc6 dxc6 5. d3 Bg7 6. h3 Nf6 7. Qe2 O-O 8. O-O Nd7 9. a4 a5 10. e5 Nb8 11. Bg5 Na6 12. Qd2 Re8 13. Bh6 Bh8 14. Na3 Be6 15. Rfe1 Bd5 16. Qf4 Bxf3 17. Qxf3 Qd5 18. Qg3 Qe6 19. Re4 Rad8 20. Rae1 Nb4 21. R4e2 Rd5 22. Nc4 b5 23. axb5 cxb5 24. Nxa5 Ra8 25. Nb3 c4 26. dxc4 bxc4 27. Qc3 cxb3 28. Qxb4 bxc2 29. Rxc2 Rxe5 30. Rec1 Bg7 31. Rc6 Qd7 32. Rc7 Qe8 33. Bxg7 Kxg7 34. Qd4 f6 35. f4 Ra4 36. b4 Re2 37. R1c2 Re1+ 38. Kh2 Raa1 39. Qc5 h5 40. Kg3 Qf7 41. b5 Qe6 42. b6 Rab1 43. b7 h4+ 0-1

[Event "ESP-chT Div I 2018"]
[Site "Linares"]
[Date "2018.08.08"]
[Round "3"]
[White "Gonzalez, Merino"]
[Black "Rivas Garcia, Victor"]
[Result "1/2-1/2"]
[ECO "D20"]
[WhiteElo "2199"]
[BlackElo "2217"]
[Annotator "NA"]
[PlyCount "83"]
[EventDate "2018.08.06"]
[EventType "team-tourn"]
[EventCountry "ESP"]
[SourceTitle "playchess.com"]
[Source "ChessBase"]
[SourceQuality "1"]
[TimeControl "40/5400+30:1800+30"]

1. d4 d5 2. c4 dxc4 3. Nc3 a6 4. Nf3 Nf6 5. a4 Nc6 6. Bg5 Bg4 7. d5 Nb4 8. e4 b5 9. axb5 axb5 10. Rxa8 Qxa8 11. Nxb5 Qa5 12. Nc3 Nxe4 13. Nxe4 Nd3+ 14. Ke2 Qxd5 15. Ke3 Bxf3 16. gxf3 f5 17. Bxd3 fxe4 18. Qa4+ c6 19. Bxc4 Qxg5+ 20. f4 Qc5+ 21. Kxe4 e6 22. Bxe6 Ke7 23. f5 Kf6 24. Kf3 g5 25. h4 Bh6 26. Rd1 Rb8 27. Rd7 Rb4 28. hxg5+ Bxg5 29. Qa7 Rf4+ 30. Kg3 Qc1 31. Rf7+ Ke5 32. Qa5+ Ke4 33. Qb4+ Kd3 34. Qb3+ Ke2 35. Qe3+ Qxe3+ 36. fxe3 Rh4 37. Rc7 Kxe3 38. Rxc6 Rb4 39. b3 h5 40. Bc4 Rb8 41. Rg6 Be7 42. Re6+ 1/2-1/2

[Event "ESP-chT Div I 2018"]
[Site "Linares"]
[Date "2018.08.08"]
[Round "3"]
[White "Vazquez Torres, Adrian"]
[Black "Cano Sanchez, Josue"]
[Result "0-1"]
[ECO "C11"]
[WhiteElo "2174"]
[BlackElo "2312"]
[Annotator "NA"]
[PlyCount "78"]
[EventDate "2018.08.06"]
[EventType "team-tourn"]
[EventCountry "ESP"]
[SourceTitle "playchess.com"]
[Source "ChessBase"]
[SourceQuality "1"]
[TimeControl "40/5400+30:1800+30"]

1. e4 e6 2. Nf3 d5 3. Nc3 Nf6 4. e5 Nfd7 5. d4 c5 6. dxc5 Bxc5 7. Bd3 Nc6 8. Bf4 f6 9. Qe2 Ndxe5 10. Nxe5 fxe5 11. Qh5+ g6 12. Bxg6+ Kd7 13. Bxe5 Nxe5 14. Qxe5 hxg6 15. O-O-O Bd6 16. Qg7+ Kc6 17. Qxg6 Qg8 18. Qd3 Bd7 19. g3 Kc7 20. Ne4 Bc6 21. Nxd6 Kxd6 22. f4 Kc7 23. h4 Qg4 24. Rhe1 Rag8 25. Qd4 Qxg3 26. Qe5+ Kc8 27. Qxe6+ Kb8 28. Qd6+ Ka8 29. Re7 Qxh4 30. Rf7 Qd8 31. Qb4 Rf8 32. Rxf8 Rxf8 33. Qd4 Qf6 34. Qxf6 Rxf6 35. Rd4 Kb8 36. c4 dxc4 37. Rxc4 Bd5 38. Ra4 b5 39. Rb4 Bc4 0-1

[Event "ESP-chT Div I 2018"]
[Site "Linares"]
[Date "2018.08.08"]
[Round "3"]
[White "Prado Acebo, Ines"]
[Black "Martin Capitan, Feliciano"]
[Result "0-1"]
[ECO "D35"]
[WhiteElo "2084"]
[BlackElo "2066"]
[Annotator "NA"]
[PlyCount "108"]
[EventDate "2018.08.06"]
[EventType "team-tourn"]
[EventCountry "ESP"]
[SourceTitle "playchess.com"]
[Source "ChessBase"]
[SourceQuality "1"]
[TimeControl "40/5400+30:1800+30"]

1. d4 d5 2. c4 e6 3. Nc3 Nf6 4. cxd5 exd5 5. Bg5 Nbd7 6. Qc2 Be7 7. e3 h6 8. Bf4 c6 9. Bd3 O-O 10. h3 Re8 11. Nge2 Nf8 12. O-O Bd6 13. Rab1 Ne6 14. Bg3 Ng5 15. b4 a6 16. a4 Qc7 17. b5 Bxg3 18. Nxg3 axb5 19. axb5 Rxe3 20. bxc6 bxc6 21. Nce2 Re8 22. Rfc1 Bd7 23. Nf5 Nge4 24. Ne3 Qd6 25. Nf1 Reb8 26. f3 Ng5 27. Nfg3 Rxb1 28. Rxb1 Rb8 29. Ra1 Qe7 30. Nf1 Be8 31. Ra6 Qb7 32. Ra1 Ne6 33. Kh1 Qb6 34. Qd2 Qb2 35. Qd1 Qb6 36. Bc2 c5 37. dxc5 Qxc5 38. Nfg3 d4 39. Nf5 Rd8 40. Bd3 Nd5 41. Rc1 Qa7 42. Ra1 Qc5 43. Rc1 Qa7 44. Ra1 Qc7 45. Qg1 Ndf4 46. Nxf4 Qxf4 47. Qe1 g6 48. Ng3 Qe3 49. Qb1 Nf4 50. Qb6 Rd5 51. Bf1 Rg5 52. Ne4 Nxh3 53. Bc4 Nf2+ 54. Nxf2 Qxf2 0-1

[Event "ESP-chT Div I 2018"]
[Site "Linares"]
[Date "2018.08.08"]
[Round "3"]
[White "Garcia Molina, Jose"]
[Black "Rodrigo Yanguas, Maria"]
[Result "0-1"]
[ECO "E81"]
[WhiteElo "1969"]
[BlackElo "2062"]
[Annotator "NA"]
[PlyCount "56"]
[EventDate "2018.08.06"]
[EventType "team-tourn"]
[EventCountry "ESP"]
[SourceTitle "playchess.com"]
[Source "ChessBase"]
[SourceQuality "1"]
[TimeControl "40/5400+30:1800+30"]

1. d4 Nf6 2. c4 g6 3. f3 Bg7 4. e4 d6 5. Nc3 O-O 6. Nge2 c5 7. Be3 cxd4 8. Nxd4 Nc6 9. Nb3 Be6 10. Be2 Rc8 11. Nd5 Nd7 12. Qd2 f5 13. O-O Nde5 14. c5 fxe4 15. fxe4 Qd7 16. cxd6 exd6 17. Rfd1 Bg4 18. Bxg4 Qxg4 19. Kh1 Nc4 20. Qe1 Nxb2 21. Rd4 Nxd4 22. Nxd4 Qxe4 23. Nc3 Qd3 24. Nd5 Rce8 25. Qh4 Nd1 26. Ne7+ Rxe7 27. Qxe7 Qf1+ 28. Bg1 Nf2# 0-1

[Event "ESP-chT Div I 2018"]
[Site "Linares"]
[Date "2018.08.08"]
[Round "3"]
[White "Badillo Ramos, Steve"]
[Black "Ortega Hermida, Daniel"]
[Result "0-1"]
[ECO "C47"]
[WhiteElo "1901"]
[BlackElo "2334"]
[Annotator "NA"]
[PlyCount "86"]
[EventDate "2018.08.06"]
[EventType "team-tourn"]
[EventCountry "ESP"]
[SourceTitle "playchess.com"]
[Source "ChessBase"]
[SourceQuality "1"]
[TimeControl "40/5400+30:1800+30"]

1. e4 e5 2. Nf3 Nc6 3. Nc3 Nf6 4. g3 d5 5. exd5 Nxd5 6. Bg2 Nxc3 7. bxc3 Bc5 8. O-O O-O 9. d3 Bg4 10. h3 Bh5 11. g4 Bg6 12. Ng5 Qd7 13. Ne4 Be7 14. Be3 f5 15. Nc5 Bxc5 16. Bxc5 Rf7 17. Re1 b6 18. Ba3 Re8 19. gxf5 Bxf5 20. Re3 Re6 21. Qe2 Rg6 22. Kh2 Be6 23. Rg3 Rgf6 24. Rf3 Rxf3 25. Bxf3 Ne7 26. Bxe7 Qxe7 27. Rg1 Qf6 28. Rg3 h5 29. Bg2 h4 30. Rf3 Qg5 31. Rxf7 Kxf7 32. Qf3+ Qf4+ 33. Qxf4+ exf4 34. a3 Ke7 35. Be4 Kd6 36. Kg2 Kc5 37. Kf3 g5 38. Bg6 Bxh3 39. Bf7 Kd6 40. Bc4 Bf5 41. Ba6 h3 42. Bb7 c6 43. c4 Bg4+ 0-1

[Event "ESP-chT Div I 2018"]
[Site "Linares"]
[Date "2018.08.08"]
[Round "3"]
[White "Bermudez Revuelta, Paula"]
[Black "Vega Gutierrez, Belinda Vidina"]
[Result "1/2-1/2"]
[ECO "C45"]
[WhiteElo "1887"]
[BlackElo "2165"]
[Annotator "NA"]
[PlyCount "74"]
[EventDate "2018.08.06"]
[EventType "team-tourn"]
[EventCountry "ESP"]
[SourceTitle "playchess.com"]
[Source "ChessBase"]
[SourceQuality "1"]
[TimeControl "40/5400+30:1800+30"]

1. e4 e5 2. Nf3 Nc6 3. d4 exd4 4. Nxd4 Bc5 5. Nb3 Bb6 6. Nc3 Nge7 7. Qe2 O-O 8. Be3 f5 9. f4 fxe4 10. O-O-O d6 11. g3 Bxe3+ 12. Qxe3 Bg4 13. Be2 Nf5 14. Qxe4 Bxe2 15. Qxe2 Re8 16. Qf3 Kh8 17. Nd5 a5 18. g4 Nh4 19. Qg3 Nb4 20. a3 Nxd5 21. Rxd5 c6 22. Rxa5 Rxa5 23. Nxa5 Qxa5 24. Qxh4 Kg8 25. Qf2 Qa4 26. h3 Qc4 27. Re1 Rxe1+ 28. Qxe1 Qxf4+ 29. Kb1 Kf7 30. Qh4 h6 31. Qh5+ g6 32. Qa5 Ke6 33. Qc7 Qf1+ 34. Ka2 Qc4+ 35. Kb1 Qf1+ 36. Ka2 Qc4+ 37. Kb1 Qf1+ 1/2-1/2

[Event "ESP-chT Div I 2018"]
[Site "Linares"]
[Date "2018.08.09"]
[Round "4"]
[White "Mista, Aleksander"]
[Black "Tejedor Fuente, Enrique"]
[Result "0-1"]
[ECO "B32"]
[WhiteElo "2604"]
[BlackElo "2408"]
[Annotator "ChessBase"]
[PlyCount "86"]
[EventDate "2018.08.06"]
[EventType "team-tourn"]
[EventCountry "ESP"]
[SourceTitle "playchess.com"]
[Source "ChessBase"]
[SourceQuality "1"]
[TimeControl "40/5400+30:1800+30"]

1. e4 c5 2. Nf3 Nc6 3. d4 cxd4 4. Nxd4 Qb6 5. Nb3 Nf6 6. Nc3 e6 7. Bd3 Be7 8. f4 d5 9. e5 Nd7 10. Qf3 a6 11. Be3 Qc7 12. Ne2 b6 13. Nbd4 Nb4 14. O-O Nc5 15. Rfd1 O-O 16. a3 Nbxd3 17. cxd3 a5 18. Rac1 Qd7 19. b4 axb4 20. axb4 Na6 21. b5 Nc7 22. Rb1 Bc5 23. Qg3 Kh8 24. Rf1 f5 25. exf6 gxf6 26. Kh1 Bb7 27. Bd2 Ra2 28. Bc3 Rxe2 29. Nxe2 d4 30. Nxd4 Rg8 31. Nf5 Rxg3 32. Bxf6+ Rg7 33. Nxg7 Bd4 34. Nh5+ Bxf6 35. Nxf6 Qxd3 36. f5 Qc2 37. Rg1 Qxf5 38. Rbf1 Qxb5 39. Rf2 Nd5 40. Nh5 Qe8 41. Ng3 Ne3 42. h3 Qg6 43. Kh2 Qh6 0-1

[Event "ESP-chT Div I 2018"]
[Site "Linares"]
[Date "2018.08.09"]
[Round "4"]
[White "Martinez Alcantara, Jose Eduardo"]
[Black "Dvirnyy, Danyyil"]
[Result "1-0"]
[ECO "C96"]
[WhiteElo "2561"]
[BlackElo "2496"]
[Annotator "ChessBase"]
[PlyCount "131"]
[EventDate "2018.08.06"]
[EventType "team-tourn"]
[EventCountry "ESP"]
[SourceTitle "playchess.com"]
[Source "ChessBase"]
[SourceQuality "1"]
[TimeControl "40/5400+30:1800+30"]

1. e4 e5 2. Nf3 Nc6 3. Bb5 a6 4. Ba4 Nf6 5. O-O Be7 6. Re1 b5 7. Bb3 d6 8. c3 O-O 9. h3 Na5 10. Bc2 c5 11. d4 Nd7 12. a4 b4 13. cxb4 cxb4 14. Nbd2 Bb7 15. d5 Bc8 16. Nf1 Nb7 17. Ng3 g6 18. Bh6 Re8 19. Be3 a5 20. Bd3 Nbc5 21. Bb5 Rf8 22. Rc1 Bf6 23. Nd2 Bg5 24. Ngf1 Bxe3 25. Nxe3 Nf6 26. Rxc5 dxc5 27. Nec4 Qe7 28. Nf3 Nd7 29. Bxd7 Bxd7 30. Nfxe5 Rad8 31. b3 Be8 32. Nd3 f5 33. f3 fxe4 34. fxe4 Qf6 35. Nde5 Qf2+ 36. Kh1 g5 37. Ng4 Qh4 38. Kh2 Qh5 39. Nce5 Rd6 40. Qc1 Qh4 41. g3 Qh5 42. Qxc5 Rh6 43. Nxh6+ Qxh6 44. Ng4 Qg6 45. e5 Qd3 46. Qe3 Rf3 47. Nf6+ Kf8 48. Qxd3 Rxd3 49. Nxh7+ Ke7 50. Nf6 Bg6 51. h4 Rxb3 52. h5 Rb2+ 53. Kh3 Bf5+ 54. g4 Rb3+ 55. Kh2 Rb2+ 56. Kg3 Rb3+ 57. Kf2 Bc2 58. h6 Rh3 59. d6+ Ke6 60. d7 Ke7 61. e6 Bg6 62. Nd5+ Kd8 63. Rc1 Bc2 64. Rxc2 Rh2+ 65. Kg3 Rxc2 66. h7 1-0

[Event "ESP-chT Div I 2018"]
[Site "Linares"]
[Date "2018.08.09"]
[Round "4"]
[White "Cramling, Pia"]
[Black "Bressac, Stephane"]
[Result "0-1"]
[ECO "E94"]
[WhiteElo "2453"]
[BlackElo "2341"]
[Annotator "ChessBase"]
[PlyCount "62"]
[EventDate "2018.08.06"]
[EventType "team-tourn"]
[EventCountry "ESP"]
[SourceTitle "playchess.com"]
[Source "ChessBase"]
[SourceQuality "1"]
[TimeControl "40/5400+30:1800+30"]

1. d4 d6 2. Nf3 Nf6 3. c4 g6 4. Nc3 Nbd7 5. e4 e5 6. Be2 Bg7 7. O-O O-O 8. Be3 Qe7 9. Qc2 c6 10. Rad1 exd4 11. Bxd4 Bh6 12. Rfe1 Ne5 13. b4 Nfd7 14. Na4 Re8 15. Bc3 Nxf3+ 16. Bxf3 Ne5 17. Be2 Ng4 18. g3 Be6 19. Bb2 Rad8 20. Qc3 f6 21. f4 Bg7 22. f5 Bf7 23. Bxg4 b5 24. cxb5 cxb5 25. Nc5 dxc5 26. Qxc5 Rxd1 27. Rxd1 Qxe4 28. Bh3 Bh6 29. Bc1 Bxc1 30. Qxc1 Bd5 31. Rxd5 Qxd5 0-1

[Event "ESP-chT Div I 2018"]
[Site "Linares"]
[Date "2018.08.09"]
[Round "4"]
[White "Almagro Llamas, Pablo"]
[Black "Gonzalez De La Torre, Santiago"]
[Result "1-0"]
[ECO "D30"]
[WhiteElo "2442"]
[BlackElo "2434"]
[Annotator "NA RC"]
[PlyCount "47"]
[EventDate "2018.08.06"]
[EventType "team-tourn"]
[EventCountry "ESP"]
[SourceTitle "playchess.com"]
[Source "ChessBase"]
[SourceQuality "1"]
[TimeControl "40/5400+30:1800+30"]

1. c4 c6 2. d4 d5 3. Nf3 Nf6 4. e3 e6 5. Nbd2 c5 6. a3 cxd4 7. Nxd4 Nc6 8. Nxc6 bxc6 9. Nf3 Bd6 10. b4 O-O 11. c5 Bc7 12. Bb2 Nd7 13. Bd3 f5 14. Nd4 Ne5 15. f4 Ng4 16. Nxc6 Qd7 17. b5 Nxe3 18. Qf3 Bxf4 19. Bd4 Nxg2+ 20. Qxg2 e5 21. O-O Bxh2+ 22. Qxh2 e4 23. Be2 Qe6 24. Qd6 1-0

[Event "ESP-chT Div I 2018"]
[Site "Linares"]
[Date "2018.08.09"]
[Round "4"]
[White "Franco Alonso, Alejandro"]
[Black "Rubio Mejia, Luis Ignacio"]
[Result "1/2-1/2"]
[ECO "A40"]
[WhiteElo "2410"]
[BlackElo "2442"]
[Annotator "NA"]
[PlyCount "99"]
[EventDate "2018.08.06"]
[EventType "team-tourn"]
[EventCountry "ESP"]
[SourceTitle "playchess.com"]
[Source "ChessBase"]
[SourceQuality "1"]
[TimeControl "40/5400+30:1800+30"]

1. d4 Nf6 2. c4 e6 3. g3 d5 4. Nf3 Bb4+ 5. Bd2 Bd6 6. Nc3 O-O 7. Bg5 c6 8. Bg2 Nbd7 9. e4 dxe4 10. Nxe4 Bb4+ 11. Nc3 Bxc3+ 12. bxc3 Qa5 13. O-O Qxc3 14. Qe2 Qa5 15. a4 c5 16. Bd2 Qc7 17. Bf4 Qa5 18. Rfb1 a6 19. Bd2 Qc7 20. Bf4 Qa5 21. Qd2 Qxd2 22. Bxd2 Re8 23. Ba5 cxd4 24. Nxd4 Nc5 25. Bb6 Nfd7 26. Bc7 Nf6 27. Nb3 Nxb3 28. Rxb3 Ra7 29. Be5 Re7 30. Rab1 Rd7 31. Bf4 Kf8 32. Be3 Ra8 33. Bxb7 Bxb7 34. Rxb7 Rc8 35. Rb8 Rdc7 36. Rxc8+ Rxc8 37. Rb6 Rxc4 38. Rxa6 Nd5 39. Ba7 Nb4 40. Ra5 Nc6 41. Bc5+ Ke8 42. Ra8+ Kd7 43. Bb6 Nb4 44. Rg8 Nd5 45. a5 g6 46. Rg7 Ke7 47. Rxh7 Nxb6 48. axb6 Rb4 49. h4 Rxb6 50. Rh8 1/2-1/2

[Event "ESP-chT Div I 2018"]
[Site "Linares"]
[Date "2018.08.09"]
[Round "4"]
[White "Martin Fuentes, Alberto"]
[Black "Vazquez Igarza, Renier"]
[Result "1-0"]
[ECO "B10"]
[WhiteElo "2391"]
[BlackElo "2577"]
[Annotator "ChessBase"]
[PlyCount "81"]
[EventDate "2018.08.06"]
[EventType "team-tourn"]
[EventCountry "ESP"]
[SourceTitle "playchess.com"]
[Source "ChessBase"]
[SourceQuality "1"]
[TimeControl "40/5400+30:1800+30"]

1. e4 c6 2. Nc3 e5 3. d4 d6 4. dxe5 dxe5 5. Qxd8+ Kxd8 6. Bc4 f6 7. Be3 Nd7 8. O-O-O Kc7 9. f4 Bd6 10. f5 Ne7 11. g4 h6 12. h4 Bb4 13. Nge2 b5 14. Bb3 Nc5 15. g5 Nxb3+ 16. axb3 hxg5 17. hxg5 Bb7 18. Ng3 fxg5 19. Bxg5 Bc5 20. Nce2 Bd6 21. Nh5 Rh7 22. Nhf4 Rxh1 23. Ne6+ Kd7 24. Rxh1 c5 25. Rd1 Rc8 26. Ng3 c4 27. bxc4 Rxc4 28. Nxg7 Nc6 29. Ne8 Nd4 30. Nxd6 Kxd6 31. Kb1 b4 32. Be3 a5 33. b3 Rc7 34. Rxd4+ exd4 35. Bf4+ Kd7 36. Bxc7 Kxc7 37. e5 Ba6 38. f6 d3 39. Ne4 Kd8 40. e6 Bb5 41. Kc1 1-0